 Dungeon Crawl Stone Soup version 0.31.0-11-ge490571c62 (webtiles) character file.

Game seed: 14545375286515710012

36435 sanka the Brawler (level 13, -5/108 HPs)
             Began as a Troll Monk on Jan 27, 2024.
             Was the Champion of Okawaru.
             Incinerated by a balrug (33 damage)
             ... with a pyre arrow
             ... on level 2 of the Abyss.
             The game lasted 00:27:49 (13246 turns).

sanka the Brawler (Troll Monk)                     Turns: 13246, Time: 00:27:49

Health: -5/108     AC: 12    Str: 18    XL:     13   Next: 53%
Magic:  10/10      EV: 11    Int:  6    God:    Okawaru [******]
Gold:   605        SH: 19    Dex: 17    Spells: 12/12 levels left

rFire   x .          .
                       - Unarmed
rCold   + . .        a - +0 tower shield
rNeg    + + .        s - +0 acid dragon scales
rPois   +            E - +3 hat of Lilacs {Will+ Regen+}
rElec   .            g - scarf of Idealism {rC+ rF+, rPois rN++ Dex-5}
rCorr   +            (gloves unavailable)
SInv    .            (boots unavailable)
Will    +....        (no amulet)
Stlth   +            h - +6 ring of dexterity
HPRegen 1.98/turn    y - ring of poison resistance
MPRegen 0.12/turn

%: no passive effects
@: on fire, heroic, glowing
A: large, unfitting armour, claws 3, regeneration 1, shaggy fur 1, tough skin 1,
[frail 2], [low MP 3], [weak 2], [heat vulnerability 2]
a: Renounce Religion, Heroism, Finesse, Duel, Receive Weapon


You were on level 2 of the Abyss.
You worshipped Okawaru.
Okawaru was exalted by your worship.
You visited 2 branches of the dungeon, and saw 16 of its levels.
You visited the Abyss 1 time.
You also visited: Sewer.

You collected 1086 gold pieces.
You spent 481 gold pieces at shops.


Innate Abilities, Weirdness & Mutations

You are too large for most types of armour.
You have claws for hands.
Your natural rate of healing is unusually fast.
You are covered in fur. (AC +1)
You have tough skin. (AC +1)
[You are very frail. (-20% HP)]
[Your magical capacity is extremely low. (-30% MP)]
[You are very weak. (Str -4)]
[You are very vulnerable to heat. (rF--)]


   Skills:
 + Level 10.8(15.8) Fighting
 - Level 2.4(7.4) Dodging
 - Level 10.0(15.0) Shields
 + Level 16.2(21.2) Unarmed Combat
 - Level 5.0 Invocations


You had 12 spell levels left.
You didn't know any spells.
Your spell library contained the following spells:

 Spells                   Type           Power      Damage    Failure   Level
 Apportation              Tloc           0%         N/A       89%         1
 Necrotise                Necr           0%         1d4       89%         1
 Sting                    Conj/Alch      0%         1d3       89%         1
 Jinxbite                 Hex            0%         N/A       96%         2
 Lesser Beckoning         Tloc           0%         N/A       96%         2
 Gell's Gravitas          Tloc           0%         N/A       99%         3
 Sigil of Binding         Hex            0%         N/A       99%         3
 Teleport Other           Tloc           0%         N/A       99%         3
 Cause Fear               Hex            0%         N/A       100%        4
 Dimensional Bullseye     Hex/Tloc       0%         N/A       100%        4
 Passage of Golubria      Tloc           0%         N/A       100%        4
 Fireball                 Conj/Fire      0%         3d3       100%        5
 Silence                  Hex/Air        0%         N/A       100%        5
 Yara's Violent Unravell  Hex/Alch       0%         3d3       100%        5
 Enfeeble                 Hex            0%         N/A       100%        7
 Lehudib's Crystal Spear  Conj/Erth      0%         10d2      100%        8
 Summon Small Mammal      Summ           Unusable   N/A       N/A         1
 Call Canine Familiar     Summ           Unusable   N/A       N/A         3
 Dragon's Call            Summ           Unusable   N/A       N/A         9

Inventory:

Missiles
 d - 19 curare-tipped darts {=f}
 C - 18 large rocks {=f}
 H - a throwing net {=f}
Armour
 a - a +0 tower shield (worn)
 c - an orb of light
 g - the scarf of Idealism (worn) {rC+ rF+, rPois rN++ Dex-5}

   Dex-5:     It affects your dexterity (-5).
   rPois:     It protects you from poison rN++: It greatly protects you from
   negative energy.
 s - +0 acid dragon scales (worn)
 E - the +3 hat of Lilacs (worn) {Will+ Regen+}

   Will+:     It increases your willpower.
   Regen+:    It increases your rate of health regeneration.
Jewellery
 h - a +6 ring of dexterity (left claw)
 y - a ring of poison resistance (right claw)
 I - a ring of resist corrosion
 J - an amulet of guardian spirit
 N - an amulet of regeneration
Talismans
 r - a storm talisman
Wands
 z - a wand of polymorph (12)
 A - a wand of mindburst (35)
 L - a wand of digging (3)
 M - a wand of flame (37)
 O - a wand of iceblast (3)
Scrolls
 e - a scroll of identify {@r1}
 f - 6 scrolls of noise {!r}
 k - 2 scrolls of poison
 n - a scroll of fog
 o - 8 scrolls of teleportation {@r4}
 q - 5 scrolls of blinking
 t - 3 scrolls of brand weapon
 w - a scroll of vulnerability {!r}
 D - a scroll of enchant weapon
 F - 2 scrolls of fear
 Q - a scroll of immolation {!r}
 R - a scroll of enchant armour
Potions
 b - 2 potions of ambrosia
 i - a potion of invisibility
 j - 6 potions of curing {@q1}
 l - 3 potions of heal wounds {@q2}
 m - 3 potions of berserk rage {!q}
 p - 2 potions of cancellation
 u - a potion of magic
 v - 3 potions of might
 x - 3 potions of haste {@q3}
 B - 5 potions of brilliance
 G - a potion of enlightenment
 K - 2 potions of resistance
 P - a potion of attraction {!q}

Dungeon Overview and Level Annotations

Branches:
Dungeon (15/15)            Temple (1/1) D:5            Lair (0/5) D:8
    Orc (0/2) D:9          Vaults (0/5) D:14          Sewer (visited)
 Depths: D:15

Altars:
Ashenzari
Cheibriados
Dithmenos
Elyvilon
Fedhas
Gozag
Kikubaaqudgha
Nemelex Xobeh
Okawaru
Qazlal
Ru
Sif Muna
Trog
Uskayaw
Vehumet
Wu Jian
Xom
Yredelemnul
Zin
The Shining One

Shops:
D:5 **!??   D:7 ?   D:8 ?   D:9 *:   D:10 *   D:13 ![(!=   D:15 [

Annotations:
D:8 2 transporters, exclusion: downstairs, Skimidon's ghost, novice VSFi
D:9 exclusion: downstairs
D:14 exclusion: downstairs

▒▒ ▒. ▒.▒ .▒
..▒ ▒ .▒ ▒▒.▒
▒.▒. ... ▒...
▒▒.▒▒
▒...▒▒2..▒
▒.T..▒ ▒▒..▒▒
▒.. ..▒...▒
...▒▒▒▒...▒▒.▒
▒.▒.▒ ▒▒..▒
.▒▒ ▒


You could see a balrug.


Message History

Unknown command.
You scratch the wretched star but do no damage.
A balrug comes into view.
It is wielding a +2 demon whip of electrocution.
The wretched star glows turbulently.
The lance of force hits you!
You are knocked back by the lance of force.
You slam into the rock wall!
Unknown command.
The balrug shouts!
You claw the wretched star!
The wretched star is moderately damaged.
Unknown command.
You claw the wretched star!
The wretched star is heavily damaged.
You eviscerate the wretched star!!!
You destroy the wretched star!
Okawaru accepts your kill.
Unknown command.
The balrug gestures at you. The pyre arrow hits you.
You are covered in intense liquid fire!
You shake off some of the fire as you move.
The liquid fire burns you! The balrug gestures at you.
The bolt of fire hits you!!! The fire burns you terribly!
Ouch! That really hurt!
* * * LOW HITPOINT WARNING * * *
The liquid fire burns you!
You die...

Action                     |  1- 3 |  4- 6 |  7- 9 | 10-12 | 13-15 || total
---------------------------+-------+-------+-------+-------+-------++-------
  Melee: Unarmed           |    60 |   113 |   384 |   591 |   168 ||  1316
 Invoke: Heroism           |       |       |       |     6 |     4 ||    10
         Receive Armour    |       |       |       |     1 |       ||     1
  Evoke: Wand              |       |       |       |     6 |     1 ||     7
    Use: Scroll            |       |       |    15 |     3 |     4 ||    22
         Potion            |       |       |       |       |     1 ||     1
   Stab: Sleeping          |       |       |       |     1 |       ||     1
 Armour: Robe              |    34 |    57 |   256 |    42 |       ||   389
         Steam dragon scal |       |       |       |   184 |       ||   184
         Acid dragon scale |       |       |       |    80 |   119 ||   199
  Dodge: Dodged            |    26 |    76 |   194 |   144 |    47 ||   487
  Block: Tower shield      |       |       |       |   393 |   147 ||   540

Levels and vault maps discovered:
D:1:      psy_arrival_dodecagon, layout_loops_ring
D:2:      layout_loops_ring, uniq_natasha, uniq_crazy_yiuf_cottage
D:3:      minmay_general_purpose_star, layout_basic, old_standard_altar,
          general_overflow_altar, mainiacjoe_overflow_24_doors,
          gup_sewer_entry_glass, kennysheep_big_empty_room
D:4:      layout_rooms, uniq_ijyb
D:5:      cheibrodos_fzero, layout_gridville, minmay_temple_entry_sparse_star,
          serial_shops, shop, nicolae_shop_real_fake_doors, shop, shop,
          nicolae_shop_crystal, grunt_ministairs_9, minmay_strange_pillars
D:6:      layout_layer_cave, uniq_sigmund, uniq_blork_the_orc
D:7:      layout_loops_ring, mainiacjoe_overflow_chevrons, serial_shops,
          nicolae_shop_waterfront, chequers_serial_rivers_micro_b,
          grunt_ministairs_9
D:8:      layout_rooms, nicolae_overflow_hidden_temple, david_lair_generic,
          serial_shops, shop, gammafunk_ghost_arena,
          chequers_serial_rivers_large_b, uniq_maurice
D:9:      layout_basic, mainiacjoe_overflow_alcove_1, hiddenorc1_lemuel,
          serial_shops, nicolae_book_shop_shelving, shop, patterned_corridor
D:10:     layout_basic, nicolae_shop_fire_sale [nicolae_sub_dead_trees],
          hangedman_decor_peaks_small
D:11:     minmay_the_grid_net [minmay_the_grid_tree,
          minmay_the_grid_minigrid_small_alt, minmay_the_grid_pillar_ring,
          minmay_the_grid_small_cups, minmay_the_grid_tri_star,
          minmay_the_grid_prize_diamond_cup], layout_cave_pools, uniq_sonja
D:12:     layout_rooms, eat_drink_and_be_merry_uskayaw
D:13:     layout_basic, serial_shops, nicolae_shop_advertising_works
          [nicolae_subvault_shop_adworks], shop, shop, shop, shop,
          uniq_josephine
D:14:     layout_small_grid, david_vaults_1, nicolae_wu_jian_immortal_techniques
D:15:     grunt_enter_depths_magical_seal, layout_basic, serial_shops,
          nicolae_shop_pleasant_corner_grove, chequers_serial_rivers_room_a
Temple:   oiseaux_autumnal_temple
Abyss:2:  base:
D:7

Notes
Turn   | Place    | Note
-------+----------+-------------------------------------------
     0 | D:1      | sanka the Troll Monk began the quest for the Orb.
     0 | D:1      | Reached XP level 1. HP: 22/22 MP: 0/0
   185 | D:1      | Reached XP level 2. HP: 29/29 MP: 1/1
   483 | D:1      | Reached skill level 4 in Unarmed Combat
   592 | D:2      | Reached XP level 3. HP: 36/36 MP: 2/2
   794 | D:2      | Found a runed translucent door.
   795 | D:2      | Noticed Crazy Yiuf
   857 | D:2      | Reached XP level 4. HP: 43/44 MP: 3/3
   909 | D:2      | Reached skill level 5 in Unarmed Combat
   919 | D:2      | Noticed Natasha
   930 | D:2      | Killed Natasha
   988 | D:2      | Noticed Natasha
   992 | D:2      | Killed Natasha
  1010 | D:2      | Reached XP level 5. HP: 50/50 MP: 4/4
  1067 | D:2      | Noticed Natasha
  1072 | D:2      | Killed Natasha
  1073 | D:2      | Reached skill level 6 in Unarmed Combat
  1340 | D:2      | Killed Crazy Yiuf
  1463 | D:3      | Found a white marble altar of Elyvilon.
  1579 | D:3      | Found a glowing drain.
  1615 | Sewer    | Entered a sewer
  1633 | Sewer    | Reached skill level 7 in Unarmed Combat
  1633 | Sewer    | Reached XP level 6. HP: 59/59 MP: 5/5
  1805 | Sewer    | Reached skill level 8 in Unarmed Combat
  1874 | Sewer    | Reached XP level 7. HP: 66/66 MP: 6/6
  2679 | D:3      | Found an ancient bone altar of Kikubaaqudgha.
  2929 | D:3      | Found a stormy altar of Qazlal.
  3135 | D:4      | Reached skill level 9 in Unarmed Combat
  3163 | D:4      | Noticed Ijyb
  3173 | D:4      | Killed Ijyb
  3592 | D:5      | Entered Level 5 of the Dungeon
  3600 | D:5      | Found a staircase to the Ecumenical Temple.
  3646 | Temple   | Entered the Ecumenical Temple
  3676 | Temple   | Became a worshipper of Warmaster Okawaru
  3676 | Temple   | Reached * piety under Okawaru
  3676 | Temple   | Reached ** piety under Okawaru
  3723 | D:5      | Noticed a steam dragon
  3726 | D:5      | Noticed a wyvern
  3729 | D:5      | Killed a steam dragon
  3730 | D:5      | Reached skill level 1 in Invocations
  3730 | D:5      | Reached XP level 8. HP: 54/74 MP: 6/8
  3748 | Temple   | HP: 7/74 [poisoned by a killer bee]
  3753 | Temple   | HP: 6/74 [poisoned by a killer bee]
  3823 | Temple   | HP: 4/74 [wyvern (10)]
  3825 | Temple   | Reached skill level 10 in Unarmed Combat
  3825 | Temple   | Reached skill level 2 in Invocations
  3904 | D:5      | Reached skill level 3 in Invocations
  4000 | D:5      | Reached *** piety under Okawaru
  4085 | D:5      | Found Puagoe's Distillery.
  4146 | D:5      | Found Odweg's Assorted Antiques.
  4180 | D:5      | Reached skill level 4 in Invocations
  4329 | D:5      | Found Ilaihueg's Magic Scroll Emporium.
  4406 | D:5      | Found Ugric's Magic Scroll Shop.
  4532 | D:5      | Found Seomotho's Assorted Antiques.
  4735 | D:5      | Bought a scroll of blinking for 82 gold pieces
  4735 | D:5      | Bought a scroll of identify for 22 gold pieces
  4735 | D:5      | Bought a scroll of teleportation for 33 gold pieces
  4749 | D:5      | Bought a scroll of identify for 30 gold pieces
  4749 | D:5      | Bought a scroll of identify for 30 gold pieces
  4749 | D:5      | Bought a scroll of identify for 30 gold pieces
  4749 | D:5      | Bought a scroll of identify for 30 gold pieces
  4749 | D:5      | Bought a scroll of noise for 15 gold pieces
  4752 | D:5      | Identified a scroll of acquirement
  4756 | D:5      | Acquired the +3 hat of Lilacs {Will+ Regen+}
  4800 | D:5      | Bought a potion of heal wounds for 65 gold pieces
  4800 | D:5      | Bought a potion of curing for 39 gold pieces
  4944 | D:6      | Identified the +11 whip of Bodily Humours {chaos, rC+
                  | Will++ Dex-2}
  4944 | D:6      | Noticed Sigmund
  4969 | D:6      | Killed Sigmund
  4970 | D:6      | Reached skill level 11 in Unarmed Combat
  4970 | D:6      | Reached XP level 9. HP: 74/80 MP: 11/11
  5049 | D:6      | Noticed Blork the orc
  5060 | D:6      | Killed Blork the orc
  5061 | D:6      | Reached skill level 3 in Fighting
  5279 | D:6      | Reached skill level 5 in Invocations
  5323 | D:6      | Reached **** piety under Okawaru
  5568 | D:6      | Reached skill level 4 in Fighting
  6083 | D:7      | Found Ducress's Magic Scroll Boutique.
  6540 | D:7      | Found a shimmering blue altar of Sif Muna.
  6971 | D:8      | Found a staircase to the Lair.
  6971 | D:8      | Noticed a death yak
  6971 | D:8      | Noticed an elephant
  6980 | D:8      | Reached skill level 1 in Shields
  6999 | D:8      | Killed a death yak
  6999 | D:8      | Reached ***** piety under Okawaru
  7000 | D:8      | Reached skill level 4 in Shields
  7000 | D:8      | Reached XP level 10. HP: 53/94 MP: 12/12
  7054 | D:8      | Killed an elephant
  7085 | D:8      | Reached skill level 5 in Shields
  7155 | D:8      | Found a glowing silver altar of Zin.
  7158 | D:8      | Found a shimmering altar of Xom.
  7168 | D:8      | Noticed Maurice
  7173 | D:8      | Identified +0 steam dragon scales
  7177 | D:8      | Maurice stole a ring of resist corrosion
  7180 | D:8      | Killed Maurice
  7181 | D:8      | Reached skill level 6 in Shields
  7314 | D:5      | Bought a dented cameo amulet for 105 gold pieces
  7451 | D:8      | Noticed a cyclops
  7458 | D:8      | Found a transporter.
  7461 | D:8      | Noticed Skimidon's ghost (novice VSFi)
  7479 | D:8      | Identified +0 steam dragon scales
  7512 | D:8      | Found a transporter.
  7660 | D:8      | Found Desoehed's Magic Scroll Shoppe.
  7902 | D:9      | Found Nofin's Assorted Antiques.
  7969 | D:9      | Reached skill level 7 in Shields
  8096 | D:9      | Identified +0 steam dragon scales
  8113 | D:9      | Reached skill level 8 in Shields
  8175 | D:9      | Found Ticarih's Book Shoppe.
  8346 | D:9      | Found a basalt altar of Yredelemnul.
  8360 | D:9      | Identified 2 potions of resistance
  8448 | D:9      | Reached skill level 9 in Shields
  8462 | D:9      | Reached XP level 11. HP: 92/101 MP: 10/13
  8537 | D:9      | Found a staircase to the Orcish Mines.
  8888 | D:10     | Entered Level 10 of the Dungeon
  8895 | D:10     | Received a gift from Okawaru
  8998 | D:10     | Found Xuxtosewn's Fire Supplies.
  9314 | D:10     | Reached skill level 10 in Shields
  9323 | D:10     | Reached skill level 12 in Unarmed Combat
  9727 | D:11     | Noticed a deep elf pyromancer
  9728 | D:11     | Noticed a deep elf zephyrmancer
  9738 | D:11     | Reached skill level 5 in Fighting
  9747 | D:11     | Killed a deep elf zephyrmancer
  9748 | D:11     | Noticed a two-headed ogre
  9750 | D:11     | Noticed a two-headed ogre
  9751 | D:11     | Noticed a green ugly thing
  9759 | D:11     | Killed a green ugly thing
  9759 | D:11     | Received a gift from Okawaru
  9776 | D:11     | Killed a deep elf pyromancer
  9777 | D:11     | Reached skill level 6 in Fighting
  9787 | D:11     | Killed a two-headed ogre
  9791 | D:11     | Killed a two-headed ogre
  9804 | D:11     | Reached skill level 13 in Unarmed Combat
  9818 | D:11     | Noticed a wolf spider
  9824 | D:11     | Killed a wolf spider
  9824 | D:11     | Received a gift from Okawaru
  9828 | D:11     | Reached skill level 7 in Fighting
  9867 | D:11     | Reached ****** piety under Okawaru
  9886 | D:11     | Acquired the scarf of Idealism {rC+ rF+, rPois rN++ Dex-5}
  9886 | D:11     | Received a gift from Okawaru
  9972 | D:11     | Reached XP level 12. HP: 118/118 MP: 12/14
 10053 | D:11     | Identified +0 acid dragon scales
 10100 | D:11     | Noticed Sonja
 10103 | D:11     | Noticed a yaktaur captain
 10110 | D:11     | Killed Sonja
 10110 | D:11     | Received a gift from Okawaru
 10135 | D:11     | Killed a yaktaur captain
 10140 | D:11     | Noticed a two-headed ogre
 10276 | D:11     | Noticed a two-headed ogre
 10281 | D:11     | Killed a two-headed ogre
 10282 | D:11     | Reached skill level 8 in Fighting
 10282 | D:11     | Reached skill level 14 in Unarmed Combat
 10336 | D:11     | Identified the +0 great mace of Vexoniov {elec, rPois rC-
                  | rCorr}
 10536 | D:11     | Killed a two-headed ogre
 10578 | D:12     | Noticed a two-headed ogre
 10586 | D:12     | Killed a two-headed ogre
 10645 | D:12     | Noticed a boulder beetle
 10649 | D:12     | Found a hide-covered altar of Uskayaw.
 10665 | D:12     | Killed a boulder beetle
 10765 | D:12     | Noticed a two-headed ogre
 10781 | D:12     | Killed a two-headed ogre
 10885 | D:12     | Received a gift from Okawaru
 10902 | D:12     | Reached skill level 9 in Fighting
 11055 | D:13     | Noticed a two-headed ogre
 11059 | D:13     | Killed a two-headed ogre
 11080 | D:13     | Found Bekataer's Antique Weapon Emporium.
 11131 | D:13     | Noticed a boulder beetle
 11159 | D:13     | Killed a boulder beetle
 11217 | D:13     | Received a gift from Okawaru
 11258 | D:13     | Found Ejututil's Distillery.
 11267 | D:13     | Reached skill level 15 in Unarmed Combat
 11278 | D:13     | Noticed Josephine
 11290 | D:13     | Killed Josephine
 11394 | D:13     | Found Faezo Ahoa's Armour Shop.
 11407 | D:13     | Noticed a six-headed hydra
 11415 | D:13     | Killed a nine-headed hydra
 11418 | D:13     | Noticed a centaur warrior
 11430 | D:13     | Killed a centaur warrior
 11431 | D:13     | Reached XP level 13. HP: 132/132 MP: 12/15
 11598 | D:13     | Found Ybiozumu's Distillery.
 11719 | D:13     | Found Amnups's Jewellery Shop.
 12107 | D:14     | Reached skill level 10 in Fighting
 12338 | D:14     | Identified the +5 falchion of the Five Lives {drain, rCorr
                  | MP+9 Dex-5}
 12354 | D:14     | Received a gift from Okawaru
 12457 | D:14     | Found an ornate altar of the Wu Jian Council.
 12711 | D:14     | Found a gate to the Vaults.
 12881 | D:15     | Entered Level 15 of the Dungeon
 12891 | D:15     | Found Uqerchib's Antique Armour Emporium.
 13082 | Abyss:2  | Cast into level 2 of the Abyss (an occultist)
 13096 | Abyss:2  | Noticed a starcursed mass
 13107 | Abyss:2  | Reached skill level 16 in Unarmed Combat
 13145 | Abyss:2  | Received a gift from Okawaru
 13220 | Abyss:2  | Noticed a starcursed mass
 13240 | Abyss:2  | Noticed a balrug
 13245 | Abyss:2  | HP: 9/108 [balrug/bolt of fire (57)]
 13246 | Abyss:2  | Incinerated by a balrug

Vanquished Creatures
  Josephine (D:13)
  A yaktaur captain (D:11)
  2 hydras
  A centaur warrior (D:13)
  8 two-headed ogres
  A death yak (D:8)
  2 boulder beetles
  Sonja (D:11)
  2 wretched stars (Abyss:2)
  A phantasmal warrior (Abyss:2)
  A deep elf zephyrmancer (D:11)
  7 ugly things
  3 deep elf pyromancers
  A wolf spider (D:11)
  An orc knight (D:14)
  2 cyclopes (D:14)
  An elephant (D:8)
  Maurice (D:8)
  A worldbinder (Abyss:2)
  3 manticores
  2 gargoyles
  2 kobold demonologists (D:11)
  An efreet (D:14)
  A queen bee (shapeshifter) (D:14)
  6 trolls
  4 slime creatures (D:14)
  Sigmund (D:6)
  3 shadows
  2 vampires
  7 wraiths
  A wyvern (Temple)
  25 yaks
  2 basilisks
  4 steam dragons
  9 vampire mosquitoes
  2 acid dragons
  A water moccasin (D:6)
  7 orc warriors
  A crocodile (Sewer)
  An ice beast (D:5)
  A black bear (D:8)
  3 ogres
  4 centaurs
  A phantom (D:9)
  5 kobold brigands
  Blork the orc (D:6)
  A brain worm (Sewer)
  A gnoll sergeant (D:8)
  4 bullfrogs
  3 wights (D:9)
  17 killer bees
  6 howler monkeys
  4 orc priests
  6 jellies
  Crazy Yiuf (D:2)
  3 gnoll boudas
  4 hounds
  7 starcursed masses (Abyss:2)
  3 sleepcaps
  Ijyb (D:4)
  Natasha (thrice) (D:2)
  2 iguanas
  20 orc wizards
  16 gnolls
  25 adders
  A river rat (Sewer)
  4 white imps
  An ufetubus (Abyss:2)
  2 ribbon worms
  A dart slug (D:3)
  50 orcs
  10 ball pythons
  8 bats
  8 endoplasms
  3 giant cockroaches
  5 goblins
  7 hobgoblins
  6 jackals
  7 frilled lizards
  17 kobolds
  9 rats
404 creatures vanquished.

Vanquished Creatures (others)
  A troll (D:11)
  2 yaks (D:11)
3 creatures vanquished.

Grand Total: 407 creatures vanquished
